 Dungeon Crawl Stone Soup version 0.31-a0-182-gc5ef74bbde (webtiles) character file.

Game seed: 17782291809896121798

22118 frimble the Covert (level 12, -13/85 HPs)
             Began as an Octopode Warper on June 21, 2023.
             Was a High Priest of Cheibriados.
             Engulfed by a cloud of flame (23 damage)
             ... in a Gauntlet.
             The game lasted 00:21:27 (15249 turns).

frimble the Covert (Octopode Warper)               Turns: 15249, Time: 00:21:28

Health: -13/85     AC:  4    Str: 25    XL:     12   Next: 97%
Magic:  27/30      EV: 26    Int: 42    God:    Cheibriados [*****.]
Gold:   409        SH:  0    Dex: 31    Spells: 15/22 levels left

rFire   . . .        w - +1 dagger (elec)
rCold   + . .        (no shield)
rNeg    + . .        D - +3 hat of Pondering {ponderous, Will+ MP+10 Int+5}
rPois   .            p - amulet of regeneration
rElec   .            s - +6 ring of intelligence
rCorr   .            x - +6 ring of dexterity
SInv    +            B - ring of positive energy
Will    +....        a - ring of see invisible
Stlth   ++++++       J - ring of protection from cold
HPRegen 1.14/turn    v - +5 ring of evasion
MPRegen 0.22/turn    (no ring)
                     (no ring)

%: no teleportation
@: very slow
A: almost no armour, amphibious, 8 rings, camouflage 1, gelatinous body 1,
(nimble swimmer 1), tentacles
a: Renounce Religion, Bend Time, Temporal Distortion, Slouch, Step From Time


You were in a Gauntlet.
You worshipped Cheibriados.
Cheibriados was extremely pleased with you.
You visited 3 branches of the dungeon, and saw 15 of its levels.
You also visited: Gauntlet and Ice Cave.

You collected 965 gold pieces.
You spent 556 gold pieces at shops.

Inventory:

Hand Weapons
 u - a +1 rapier of draining
 w - a +1 dagger of electrocution (weapon)
Missiles
 c - 6 boomerangs of dispersal
 d - 6 curare-tipped darts
 r - 3 boomerangs (quivered)
 z - 6 throwing nets
Armour
 D - the +3 hat of Pondering (worn) {ponderous, Will+ MP+10 Int+5}
   (You bought it in a shop on level 9 of the Dungeon)

   Int:       It affects your intelligence (+5).
   MP:        It affects your magic capacity (+10).
   Will:      It increases your willpower.
Jewellery
 a - a ring of see invisible (on tentacle)
 p - an amulet of regeneration (around mantle)
 s - a +6 ring of intelligence (left tentacle)
 v - a +5 ring of evasion (on tentacle)
 x - a +6 ring of dexterity (right tentacle)
 B - a ring of positive energy (on tentacle)
 J - a ring of protection from cold (on tentacle)
 M - an amulet of reflection
Wands
 k - a wand of mindburst (9)
 y - a wand of paralysis (11)
 A - a wand of light (3)
 E - a wand of digging (1)
 H - a wand of roots (7)
 I - a wand of polymorph (6)
Scrolls
 b - 2 scrolls of blinking
 e - 5 scrolls of identify
 i - 4 scrolls of fog
 j - 8 scrolls of teleportation
 o - a scroll of fear
 q - 3 scrolls of enchant weapon
 L - a scroll of revelation
Potions
 f - 3 potions of enlightenment
 g - 2 potions of curing
 h - 4 potions of mutation
 l - 2 potions of lignification
 m - a potion of resistance
 n - 2 potions of haste
 t - 3 potions of cancellation
 C - a potion of ambrosia
 F - a potion of magic
 G - 5 potions of heal wounds
 K - a potion of invisibility {unknown}


   Skills:
 + Level 9.2 Fighting
 - Level 10.0 Short Blades
 - Level 3.2 Throwing
 - Level 7.6 Dodging
 - Level 10.0 Stealth
 - Level 5.6 Spellcasting
 - Level 6.3 Translocations
 + Level 9.1 Invocations
 + Level 7.0 Evocations


You had 15 spell levels left.
You knew the following spells:

 Your Spells              Type           Power      Damage    Failure   Level
a - Blink                 Tloc           100%       N/A       1%          2
b - Apportation           Tloc           100%       N/A       1%          1
c - Manifold Assault      Tloc           60%        N/A       1%          4

Your spell library contained the following spells:

 Spells                   Type           Power      Damage    Failure   Level
 Lesser Beckoning         Tloc           100%       N/A       1%          2
 Teleport Other           Tloc           60%        N/A       1%          3
 Vhi's Electric Charge    Tloc/Air       76%        N/A       1%          3
 Slow                     Hex            44%        N/A       2%          1
 Confusing Touch          Hex            11%        N/A       8%          3
 Vampiric Draining        Necr           11%        2d6       8%          3
 Alistair's Intoxication  Tmut/Pois      7%         N/A       56%         5


Dungeon Overview and Level Annotations

Branches:
Dungeon (11/15)            Temple (1/1) D:4            Lair (3/5) D:8
 Shoals (0/4) Lair:3       Spider (0/4) Lair:3          Orc (0/2) D:9
  IceCv (visited)         Gauntlet (1/1)

Altars:
Ashenzari
Cheibriados
Dithmenos
Elyvilon
Fedhas
Gozag
Hepliaklqana
Kikubaaqudgha
Makhleb
Nemelex Xobeh
Okawaru
Qazlal
Ru
Sif Muna
Trog
Uskayaw
Vehumet
Wu Jian
Xom
Yredelemnul
Zin
The Shining One

Shops:
D:2 (   D:6 (   D:9 [

Annotations:
D:3 1 runed translucent door, Crazy Yiuf
D:5 Edmund
Lair:2 1 runed translucent door, Walel's ghost, journeyman TeAE Gauntlet 5 transporters


Innate Abilities, Weirdness & Mutations

You cannot wear most types of armour.
You are amphibious.
You can wear up to eight rings at the same time.
Your skin changes colour to match your surroundings (Stealth+).
Your rubbery body absorbs attacks. (AC +1, EV +1)
((You are camouflaged when in or above water. (Stealth+)))
You have tentacles for arms and can constrict up to eight enemies at once.


Message History

Aiming: Bolt of Light
Press: ? - help, Shift-Dir - straight line, f/p - fire crab
Aim: a fire crab (flame, moderately wounded, 88% to hit)
The bolt of light hits the fire crab.
The fire crab is moderately wounded.
The fire crab is blinded.
You hear a bark!
The fire bat closely misses you.
You hit the fire crab but do no damage. You grab the fire crab.
You squeeze the fire crab!
The fire crab is heavily wounded.
You constrict the fire crab. The fire bat completely misses you.
The fire crab closely misses you. The fire crab misses you.
You hit the fire crab but do no damage.
The fire crab is heavily wounded.
You constrict the fire crab. The fire bat bites you.
You are engulfed in flames!
You hit the fire crab.
Lightning courses through the fire crab!
The fire crab is almost dead.
You constrict the fire crab. The fire bat misses you.
The fire crab breathes flames at you. The blast of flame engulfs you.
You hit the fire crab but do no damage.
The fire crab is almost dead.
You are engulfed in blazing flames.
You constrict the fire crab.
You strike the helpless fire crab from behind!
You stick the fire crab like a pincushion!!!
You kill the fire crab!
Cheibriados appreciates the change of pace.
You are engulfed in blazing flames.
The hell hound breathes flames at you. The blast of flame hits you!!
* * * LOW HITPOINT WARNING * * *
The fire bat completely misses you.
Your Evocations skill increases to level 7!
Casting: Blink (safe; 1% risk of failure)
Confirm with . or Enter, or press ? or * to list all spells.
You blink.
You are engulfed in blazing flames.
You die...

##≈ ##≈###≈###≈###≈##
≈≈#≈≈≈#≈≈≈#≈≈≈#≈≈≈#≈≈≈#
......................
##...#########...#######
#≈...#.......#.8.#...^..
≈≈...#.####..#...#.##.##
#≈...#...hh#.######..#†.
##...####b.#.#©.©#©##©##
#≈...#°@°#.#.#...##..#..
≈≈...##bh#.#.#...#.##.##
#≈...#©#○#...#8©8#...^..
##...###################
#≈......................
≈≈≈#≈≈≈#≈≈≈#≈≈≈#≈≈≈#≈≈≈#
# ##≈###≈###≈###≈###≈##
## ## ### ## ##


You could see 2 hell hounds and 2 fire bats.

Vanquished Creatures
  A green death (Gauntlet)
  Harold (Lair:2)
  2 hydras (Lair:2)
  2 two-headed ogres
  Nergalle (Lair:1)
  A fire crab (Gauntlet)
  Sonja (D:11)
  Pikel (D:6)
  A moth of wrath (Gauntlet)
  2 manticores (D:11)
  An ugly thing (D:11)
  An eye of devastation (Gauntlet)
  A gargoyle (D:10)
  2 orange demons (Gauntlet)
  Maggie (Lair:1)
  A rime drake (Lair:2)
  A kobold demonologist (D:11)
  4 cane toads
  2 komodo dragons (Lair:1)
  A freezing wraith (IceCv)
  3 trolls
  Grinder (D:3)
  2 hornets (Gauntlet)
  A wraith (D:11)
  A dire elephant simulacrum (IceCv)
  2 wyverns
  10 yaks
  2 vampire mosquitoes (D:10)
  Eustachio (D:6)
  3 redbacks (Gauntlet)
  A fire bat (Gauntlet)
  Menkaure (D:6)
  3 wargs (D:8)
  7 water moccasins
  A floating eye (Gauntlet)
  A black bear (D:7)
  7 orc warriors
  An ogre (D:5)
  8 wolves
  3 centaurs
  A phantom (D:6)
  4 kobold brigands
  A gnoll sergeant (D:8)
  8 bullfrogs
  3 cane toad simulacra (IceCv)
  3 scorpions
  7 wights (D:8)
  An elephant simulacrum (IceCv)
  12 killer bees
  A howler monkey (D:6)
  2 hounds (D:6)
  3 jellies
  8 orc priests
  3 gnoll boudas
  Ijyb (D:4)
  3 sleepcaps
  Jessica (D:2)
  An iguana (D:6)
  20 orc wizards
  A wolf simulacrum (IceCv)
  2 polar bear simulacra (IceCv)
  A mummy (D:6)
  Robin (D:2)
  12 gnolls
  9 adders
  A shadow imp (D:6)
  12 white imps (Lair:2)
  An ufetubus (D:5)
  4 worms
  35 orcs
  2 bats (D:3)
  7 endoplasms
  3 giant cockroaches
  8 hobgoblins
  6 jackals
  22 kobolds
  6 quokkas
  5 ball pythons
  A frilled lizard (D:2)
  13 goblins
  4 rats
326 creatures vanquished.

Notes
Turn   | Place    | Note
-------+----------+-------------------------------------------
     0 | D:1      | frimble the Octopode Warper began the quest for the Orb.
     0 | D:1      | Reached XP level 1. HP: 14/14 MP: 3/3
   205 | D:1      | Reached skill level 1 in Stealth
   206 | D:1      | Reached XP level 2. HP: 4/19 MP: 5/5
   693 | D:2      | Reached XP level 3. HP: 9/25 MP: 6/6
  1144 | D:2      | Found Baci's Antique Weapon Emporium.
  1520 | D:2      | Noticed Jessica
  1529 | D:2      | Killed Jessica
  1530 | D:2      | Reached XP level 4. HP: 25/30 MP: 7/7
  1683 | D:3      | Noticed Robin
  1784 | D:2      | Learned a level 2 spell: Blink
  1796 | D:2      | Killed Robin
  2064 | D:3      | Reached XP level 5. HP: 36/36 MP: 8/8
  2120 | D:4      | Reached skill level 1 in Evocations
  2538 | D:3      | Noticed Grinder
  2550 | D:3      | Killed Grinder
  2551 | D:3      | Reached XP level 6. HP: 31/43 MP: 9/9
  2632 | D:3      | Found a runed translucent door.
  2633 | D:3      | Noticed Crazy Yiuf
  2831 | D:3      | Identified the +5 ring mail of Bagin {rC+ Dex+3}
  2976 | D:4      | Noticed Ijyb
  2980 | D:4      | Killed Ijyb
  3029 | D:4      | Reached XP level 7. HP: 32/48 MP: 10/10
  3345 | D:4      | Found a staircase to the Ecumenical Temple.
  3451 | D:4      | Found a sparkling altar of Nemelex Xobeh.
  3721 | Temple   | Entered the Ecumenical Temple
  3794 | D:2      | Bought a runed rapier for 175 gold pieces
  3885 | D:5      | Entered Level 5 of the Dungeon
  3891 | D:5      | Reached skill level 5 in Stealth
  4509 | D:5      | Noticed Edmund
  4578 | D:6      | Reached XP level 8. HP: 34/54 MP: 11/11
  4835 | D:6      | Noticed Menkaure
  4851 | D:6      | Killed Menkaure
  4852 | D:6      | Reached skill level 5 in Short Blades
  5065 | D:6      | Noticed Eustachio
  5077 | D:6      | Reached skill level 5 in Fighting
  5082 | D:6      | Killed Eustachio
  5499 | D:5      | Learned a level 1 spell: Apportation
  5995 | D:5      | Found an ornate altar of the Wu Jian Council.
  6440 | D:6      | Found Riarih's Weapon Shop.
  6443 | D:6      | Reached skill level 5 in Evocations
  6443 | D:6      | Reached XP level 9. HP: 11/61 MP: 9/12
  6914 | D:6      | Found a snail-covered altar of Cheibriados.
  6928 | D:6      | Became a worshipper of Cheibriados the Contemplative
  7030 | D:6      | Noticed Pikel
  7039 | D:6      | Killed Pikel
  7040 | D:6      | Reached skill level 5 in Dodging
  8736 | D:8      | Reached * piety under Cheibriados
  8952 | D:8      | Found a hide-covered altar of Uskayaw.
  8977 | D:8      | HP: 2/62 [orc wizard/puff of flame (7)]
  9279 | D:8      | Reached XP level 10. HP: 52/68 MP: 13/15
  9571 | D:8      | Noticed a two-headed ogre
  9576 | D:8      | Killed a two-headed ogre
  9622 | D:8      | Reached ** piety under Cheibriados
  9779 | D:8      | Found a staircase to the Lair.
  9790 | D:8      | Reached skill level 5 in Translocations
 10269 | D:9      | Reached *** piety under Cheibriados
 10541 | D:9      | Found a staircase to the Orcish Mines.
 10543 | D:9      | Found Madehi's Armour Shoppe.
 10754 | D:9      | Bought the +3 hat of Pondering {ponderous, Will+ MP+10
                  | Int+5} for 381 gold pieces
 10754 | D:9      | Found the +3 hat of Pondering {ponderous, Will+ MP+10
                  | Int+5}
 10781 | D:10     | Entered Level 10 of the Dungeon
 10824 | D:10     | Reached skill level 1 in Invocations
 10838 | D:10     | Found a basalt altar of Yredelemnul.
 10838 | D:10     | Found a glowing silver altar of Zin.
 10838 | D:10     | Found a shimmering blue altar of Sif Muna.
 10891 | D:10     | HP: 5/102 [killer bee (2)]
 11099 | D:10     | Noticed a gargoyle
 11107 | D:10     | Killed a gargoyle
 11108 | D:10     | Reached XP level 11. HP: 72/72 MP: 17/17
 11233 | D:10     | Noticed a two-headed ogre
 11250 | D:10     | Killed a two-headed ogre
 11833 | D:11     | Noticed a manticore
 11847 | D:11     | Killed a manticore
 11847 | D:11     | Reached **** piety under Cheibriados
 12220 | D:11     | Noticed a manticore
 12228 | D:11     | Killed a manticore
 12315 | D:11     | Noticed a green ugly thing
 12324 | D:11     | Killed a green ugly thing
 12515 | D:11     | Reached skill level 5 in Invocations
 12637 | D:11     | Noticed Sonja
 12642 | D:11     | Killed Sonja
 12643 | D:11     | Reached skill level 10 in Short Blades
 12643 | D:11     | Reached skill level 10 in Stealth
 12912 | Lair:1   | Entered Level 1 of the Lair of Beasts
 12963 | Lair:1   | Noticed Maggie
 12979 | Lair:1   | Killed Maggie
 13136 | Lair:1   | Reached skill level 5 in Spellcasting
 13233 | Lair:1   | Reached ***** piety under Cheibriados
 13310 | Lair:1   | Noticed Nergalle
 13312 | Lair:1   | Killed Nergalle
 13313 | Lair:1   | Reached XP level 12. HP: 81/81 MP: 19/19
 13877 | Lair:2   | Found a frozen archway.
 13893 | IceCv    | Entered an ice cave
 13901 | IceCv    | Learned a level 4 spell: Manifold Assault
 14244 | Lair:2   | Noticed a four-headed hydra
 14252 | Lair:2   | Killed a four-headed hydra
 14270 | Lair:2   | Noticed a four-headed hydra
 14282 | Lair:2   | Killed a four-headed hydra
 14568 | Lair:2   | Found a runed translucent door.
 14570 | Lair:2   | Noticed Walel's ghost (journeyman TeAE)
 14641 | Lair:2   | Noticed Harold
 14648 | Lair:2   | Killed Harold
 14826 | Lair:3   | Found a gate leading to a gauntlet.
 14828 | Lair:3   | Noticed a death yak
 14828 | Lair:3   | Noticed a death yak
 14830 | Lair:3   | Noticed a death yak
 14830 | Lair:3   | Noticed a death yak
 14832 | Lair:3   | Noticed a death yak
 14832 | Lair:3   | Noticed a death yak
 14834 | Gauntlet | Entered a Gauntlet
 14834 | Gauntlet | Found a transporter.
 14867 | Gauntlet | Found a transporter.
 14871 | Gauntlet | Found a transporter.
 14882 | Gauntlet | Found a transporter.
 14883 | Gauntlet | Found a transporter.
 14889 | Gauntlet | Found a runed translucent gate.
 14889 | Gauntlet | Found a runed translucent gate.
 14889 | Gauntlet | Found a runed translucent gate.
 14889 | Gauntlet | Noticed a green death
 14891 | Gauntlet | Found a transporter.
 14895 | Gauntlet | Found a transporter.
 14964 | Gauntlet | Found a transporter.
 14989 | Gauntlet | Found a transporter.
 15029 | Gauntlet | Found a transporter.
 15042 | Gauntlet | Killed a green death
 15195 | Gauntlet | Found a transporter.
 15213 | Gauntlet | Found a transporter.
 15213 | Gauntlet | Found a transporter.
 15239 | Gauntlet | Found a transporter.
 15249 | Gauntlet | Engulfed by a cloud of flame

Illustrated notes

Levels and vault maps discovered:
D:1:      psy_arrival_whirlpool, layout_basic
D:2:      layout_loops_corners, serial_shops, shop, hangedman_feature_mirror,
          minmay_misc_feat_four_crosses, kennysheep_jessica_study
D:3:      layout_loops_ring, uniq_crazy_yiuf_cottage, uniq_robin, uniq_grinder
D:4:      layout_loops_ring, mainiacjoe_overflow_alcove_2,
          minmay_temple_entry_offerings, uniq_ijyb
D:5:      layout_layer_cave, mainiacjoe_overflow_alcove_4, uniq_edmund
D:6:      layout_rooms, slow_altar_2, serial_shops,
          nicolae_shop_bloodbath_and_beyond, kennysheep_cross_bottleneck,
          minmay_misc_feat_alley, uniq_eustachio, uniq_pikel, uniq_menkaure
D:7:      layout_cave_pods
D:8:      layout_basic, mainiacjoe_overflow_chevrons, erik_lair_orcish_takeover,
          serial_glass, glass_columns_a, glass_columns_a, st_stairs_12
D:9:      nicolae_BIG_FREAKIN_CUBE, layout_rooms, orc_david_3
D:10:     layout_long_grid, gammafunk_temple_overflow_forgotten,
          columned_hall_lemuel
D:11:     layout_roguey, chequers_serial_rivers_large_a,
          hangedman_decor_slide_cut, uniq_sonja
Temple:   nicolae_temple_no_exploring_needed
Lair:1:   layout_chaotic_city, uniq_nergalle, uniq_maggie
Lair:2:   layout_cave_shapes, portal_ice_cave_entry_imps,
          ebering_ghost_inner_flame, uniq_harold
Lair:3:   layout_chaotic_city, minmay_shoals_entry_beasts,
          hellmonk_spider_entry_life_and_decay, gauntlet_entry_generic,
          serial_bayou_shore_b
Gauntlet: gammafunk_gauntlet_77_escape_option
          [minmay_gauntlet_arena_77_tiled_triplets,
          minmay_gauntlet_arena_77_squiggly,
          minmay_gauntlet_arena_77_run_for_it, minmay_gauntlet_arena_77_braids,
          minmay_gauntlet_arena_77_radiant_squares, gauntlet_exit_green]

Skill      XL: |  1  2  3  4  5  6  7  8  9 10 11 12 |
---------------+-------------------------------------+-----
Stealth        | 1 2 3 4 5 7 8 10 | 10.0
Throwing       | 2 3 |  3.2
Short Blades   | 3 4 5 6 9 10 | 10.0
Fighting       | 3 4 5 6 7 9 |  9.2
Evocations     | 2 3 5 6 7 |  7.0
Dodging        | 3 4 6 7 |  7.6
Spellcasting   | 3 4 5 |  5.6
Translocations | 4 5 6 |  6.3
Invocations    | 2 6 9 |  9.1

Action                     |  1- 3 |  4- 6 |  7- 9 | 10-12 || total
---------------------------+-------+-------+-------+-------++-------
  Melee: Short sword       |    77 |   102 |    26 |       ||   205
         Tentacles         |    20 |    22 |    57 |   132 ||   231
         Constrict         |    17 |    20 |    57 |    64 ||   158
         Punch             |     1 |     4 |     6 |     7 ||    18
         Rapier            |       |       |   118 |       ||   118
         Dagger            |       |       |   110 |   528 ||   638
  Throw: Boomerang         |       |       |     1 |    10 ||    11
         Dart              |       |       |     1 |       ||     1
   Cast: Blink             |       |     2 |     3 |    10 ||    15
         Manifold Assault  |       |       |       |    31 ||    31
         Apportation       |       |       |       |     5 ||     5
 Invoke: Slouch            |       |       |       |     1 ||     1
  Evoke: Wand              |       |     9 |    16 |    36 ||    61
    Use: Scroll            |     2 |     7 |     4 |    13 ||    26
         Potion            |     1 |     4 |     4 |     6 ||    15
   Stab: Sleeping          |     7 |     4 |     7 |    11 ||    29
         Distracted        |       |       |     1 |       ||     1
         Invisible         |       |       |       |     4 ||     4
         Paralysed         |       |       |       |     2 ||     2
 Armour: Skin              |     3 |     5 |     8 |    94 ||   110
  Dodge: Dodged            |    51 |    58 |   148 |   307 ||   564

Table legend: (Time is in decaauts)
 A = Elapsed time spent in this place.
 B = Non-inter-level travel time spent in this place.
 C = Inter-level travel time spent in this place.
 D = Time resting spent in this place.
 E = Time spent auto-exploring this place.
 F = Levels seen in this place.
 G = Mean time per level.
                   A        B        C        D        E       F      G
               +--------+--------+--------+--------+--------+-----+--------+
         Total |  17851 |  16893 |    958 |    149 |  14139 |  17 | 1050.1 |
       Dungeon |  14616 |  13762 |    854 |      0 |  11976 |  11 | 1328.7 |
        Temple |      1 |      1 |      0 |      0 |      0 |   1 |    1.0 |
          Lair |   2338 |   2235 |    103 |      0 |   1753 |   3 |  779.3 |
      Ice Cave |    374 |    374 |      0 |    149 |    101 |   1 |  374.0 |
      Gauntlet |    520 |    520 |      0 |      0 |    306 |   1 |  520.0 |
               +--------+--------+--------+--------+--------+-----+--------+

Top non-repeatable levels by time:
     D:8: 2189 daAuts
     D:5: 1851 daAuts
     D:6: 1605 daAuts
    D:10: 1546 daAuts
    D:11: 1460 daAuts
  Lair:1: 1399 daAuts
     D:2: 1354 daAuts
     D:4: 1212 daAuts
     D:7: 1098 daAuts
     D:9: 866 daAuts
     D:3: 863 daAuts
  Lair:2: 844 daAuts
     D:1: 569 daAuts
Gauntlet: 520 daAuts
   IceCv: 374 daAuts
